AoeStats
← CultKaos

Arabian Desert

510606196Analyzed
1v1 RM · 24h ago on Oct 1, 2026· 45m 39s· 2 players
Game mode
Random Map
Map size
Tiny (2 player)
Population
200
Speed
Normal
Resources
Standard
Victory
Conquest
Starting age
Dark Age
Ending age
Imperial Age
RankedLock teamsTeams togetherTeam positionsShared explorationLock speedFull tech treeHidden civsTurbo modeCheats
Victory
Defeat
🇨🇱 Berbers · Chile
1290
+18
🇳🇴 Lithuanians · Norway
1331
-18
[CL]iLoveWeed
6:16 Loom
8:45 Feudal Age
9:20 Double-Bit Axe
20:37 Forging
20:33 Scale Barding Armor
22:44 Fletching
23:44 Bloodlines
28:47 Castle Age
30:12 Iron Casting
29:41 Bodkin Arrow
30:26 Husbandry
32:34 Chain Barding Armor
35:54 Wheelbarrow
35:04 Town Watch
38:50 Padded Archer Armor
39:36 Town Patrol
41:49 Horse Collar
47:26 Imperial Age
CultKaos
7:20 Loom
9:29 Feudal Age
10:26 Double-Bit Axe
11:01 Horse Collar
15:09 Scale Barding Armor
15:21 Forging
20:09 Scale Barding Armor
25:24 Bloodlines
29:51 Castle Age
29:54 Pikeman
31:04 Scale Mail Armor
33:03 Iron Casting
33:17 Husbandry
39:14 Fletching
42:05 Chain Barding Armor
Connection lost

Rejoining the realm…

Still unreachable

The connection could not be restored.

Session expired

The server has moved on; the page needs a fresh start.